 Dungeon Crawl Stone Soup version 0.17.2-1-ge4368a0 (webtiles) character file.

32 Goblin1989 the Ruffian (level 3, 0/19 HPs)
             Began as a Vine Stalker Fighter on July 19, 2018.
             Succumbed to an adder's poison
             ... on level 2 of the Dungeon.
             The game lasted 00:01:50 (937 turns).

Goblin1989 the Ruffian (Vine Stalker Fighter)        Turns: 937, Time: 00:01:50

Health: 0/19       AC:  6    Str: 19    XL:     3   Next: 25%
Magic:  0/4        EV:  7    Int:  8    God:
Gold:   50         SH:  9    Dex: 13    Spells: 0 memorised, 2 levels left

rFire  . . .     SeeInvis .       - Unarmed
rCold  . . .     Clarity  .     a - +0 scale mail
rNeg   . . .     SustAt   .     b - +0 shield
rPois  .         Gourm    .     (no helmet)
rElec  .         Spirit   +     (no cloak)
rCorr  .         Warding  .     (no gloves)
rMut   .         Stasis   .     (no boots)
MR     .....                    (no amulet)
Stlth  ..........               (no ring)
                                (no ring)

@: lethally poisoned (0 -> -1), not resistant to hostile enchantments, extremely
unstealthy
A: fangs 2, regeneration 1, magic shield, antimagic bite, no device heal 3, rot
immunity
a: no special abilities


You were on level 2 of the Dungeon.
You were not hungry.

You visited 1 branch of the dungeon, and saw 2 of its levels.

You collected 50 gold pieces.

Inventory:

Missiles
 n - 4 javelins (quivered)
Armour
 a - a +0 scale mail (worn)
 b - a +0 shield (worn)
Scrolls
 f - a scroll of teleportation {unknown}
 h - a scroll of remove curse {unknown}
 i - a scroll of fear {unknown}
 j - 3 scrolls of identify {unknown}
 k - a scroll of enchant armour {unknown}
 l - 2 scrolls of immolation {unknown}
Potions
 c - 2 potions of might
 d - a potion of lignification {unknown}
 g - a potion of heal wounds {unknown}
 m - a potion of curing {unknown}
Comestibles
 e - 3 bread rations {@e1}


   Skills:
 - Level 2.6 Fighting
 - Level 2.4 Armour
 - Level 2.6 Shields
 + Level 3.6 Unarmed Combat


You had 2 spell levels left.
You didn't know any spells.

Dungeon Overview and Level Annotations

Branches:
Dungeon (2/15)

Altars:


Innate Abilities, Weirdness & Mutations

You have extremely sharp teeth.
Your natural rate of healing is unusually fast.
When hurt, damage is shared between your health and your magic reserves.
Your bite disrupts and absorbs the magic of your enemies.
Potions and wands cannot restore your health.
You are immune to rotting.


Message History

An adder comes into view.
You miss the giant gecko. Your bite misses the giant gecko.
The giant gecko is heavily wounded.
The jackal bites you but does no damage.
You block the jackal's attack. The giant gecko completely misses you.
You block the jackal's attack.
You closely miss the giant gecko. You bite the giant gecko.
You drain its power.
The giant gecko is heavily wounded.
The jackal bites you but does no damage.
The jackal completely misses you. You block the giant gecko's attack.
You block the jackal's attack.
You closely miss the giant gecko.
The giant gecko is heavily wounded.
The jackal bites you but does no damage. x2
You block the giant gecko's attack. You block the jackal's attack.
Your shield prevents you from hitting the giant gecko.
Your bite misses the giant gecko.
The giant gecko is heavily wounded.
The jackal bites you. You block the giant gecko's attack.
The jackal bites you but does no damage. x2
You take 1 damage, and have 13/16 hp.
You hit the giant gecko.
You kill the giant gecko!
The jackal bites you but does no damage.
You block the jackal's attack.
The jackal bites you but does no damage.
You hit the jackal.
You kill the jackal!
The jackal barely misses you. The adder barely misses you.
You barely miss the adder. You bite the adder, but do no damage.
The jackal bites you. The adder barely misses you.
Your scale mail prevents you from hitting the adder.
You bite the adder. You drain its power.
The adder is moderately wounded.
The jackal bites you but does no damage.
The adder bites you.
You are poisoned.
The adder poisons you! The jackal barely misses you.
You take 2 damage, and have 11/16 hp.
You now have 2/3 mp.
You feel sick. The adder barely misses you.
You take 1 damage, and have 10/16 hp.
You closely miss the adder.
The adder is moderately wounded.
The adder bites you.
You take 1 damage, and have 9/16 hp.
You now have 1/3 mp.
You are too injured to fight recklessly!
You are too injured to fight recklessly!
You are too injured to fight recklessly!
You are too injured to fight recklessly!
You are too injured to fight recklessly!
You are too injured to fight recklessly!
You miss the adder. You bite the adder. You drain its power.
You feel invigorated.
The adder is moderately wounded.
You feel sick. The adder bites you.
* * * LOW HITPOINT WARNING * * *
You take 2 damage, and have 7/16 hp.
You hit the adder but do no damage.
The adder is moderately wounded.
The adder bites you but does no damage. x2
You closely miss the adder. Your bite misses the adder.
The adder is moderately wounded.
The adder bites you.
* * * LOW HITPOINT WARNING * * *
You are more poisoned.
The adder poisons you!
You take 1 damage, and have 6/16 hp.
You now have 1/3 mp.
You hit the adder.
The adder is heavily wounded.
You feel sick. The adder bites you but does no damage.
You hit the adder. Your bite misses the adder.
The adder is severely wounded.
The adder bites you but does no damage. The adder bites you.
* * * LOW HITPOINT WARNING * * *
You take 1 damage, and have 5/16 hp.
You hit the adder. Your bite misses the adder.
The adder is severely wounded.
You feel sick. The adder bites you but does no damage.
You take 1 damage, and have 4/16 hp.
You barely miss the adder. Your bite misses the adder.
The adder is severely wounded.
You block the adder's attack.
Your shield prevents you from hitting the adder.
The adder is severely wounded.
You feel sick. The adder bites you.
* * * LOW HITPOINT WARNING * * *
You take 3 damage, and have 1/16 hp.
You now have 0/3 mp.
You hit the adder.
You kill the adder!
You have reached level 3!
Your experience leads to an increase in your attributes!
Increase (S)trength, (I)ntelligence, or (D)exterity?
You feel stronger.
The giant cockroach waves its antennae.
The giant cockroach barely misses you.
Unknown command.
You hit the giant cockroach.
The giant cockroach is heavily wounded.
You die...

█ █.██.█ . ...█.. .█
.█$ .....█ ...█
.l.████...█.. .....
..<.......... █.... ..
.S..>█ ... █.██ █.
█hh..█ █.█ █..█
█.██s█..███.█████...
█.█@███..██.......█.
█!.██ ██.......██...
█.█.███..██.........
.██.██.█.............█
...............██.██..█
█.██████.█.██████.██..█
..).....█ █.██...
█████.███ █.....█ █.█
█.█████


You could see an adder, 2 jackals and a giant cockroach.

Vanquished Creatures
  An adder (D:2)
  2 giant geckos (D:2)
  A bat (D:1)
  A giant cockroach (D:1)
  3 goblins
  4 hobgoblins
  A giant newt (D:1)
  A jackal (D:2)
  4 kobolds
  2 rats (D:1)
20 creatures vanquished.

Notes
Turn   | Place    | Note
--------------------------------------------------------------
     0 | D:1      | Goblin1989 the Vine Stalker Fighter began the quest for the Orb.
     0 | D:1      | Reached XP level 1. HP: 11/11 MP: 2/2
   230 | D:1      | Reached XP level 2. HP: 16/16 MP: 3/3
   712 | D:2      | Reached skill level 3 in Unarmed Combat
   936 | D:2      | Reached XP level 3. HP: 1/19 MP: 0/4
   937 | D:2      | Succumbed to an adder's poison

Action                   || total
-------------------------++-------
Melee: Unarmed           ||    87

Vault maps used:
D:1:      dpeg_arrival_chambers_temple_mockup
D:2:      first_bread
